 Dungeon Crawl Stone Soup version 0.18-a0-76-g3fe7f8b (webtiles) character file.

142 Proton the Shield-Bearer (level 5, -1/49 HPs)
             Began as a Deep Dwarf Fighter on Nov 12, 2015.
             Killed from afar by an orc wizard (4 damage)
             ... with a magic dart
             ... on level 3 of the Dungeon.
             The game lasted 00:04:20 (1725 turns).

Proton the Shield-Bearer (Deep Dwarf Fighter)       Turns: 1725, Time: 00:04:20

Health: -1/49      AC: 11    Str: 21    XL:     5   Next: 3%
Magic:  5/5        EV:  6    Int:  8    God:
Gold:   99         SH:  9    Dex: 12    Spells: 0 memorised, 4 levels left

rFire  . . .     SeeInvis .     a - +0 war axe
rCold  . . .     Clarity  .     n - +0 chain mail
rNeg   . . .     SustAt   .     c - +0 shield
rPois  .         Gourm    .     j - +1 helmet
rElec  .         Spirit   .     (no cloak)
rCorr  .         Warding  .     (no gloves)
rMut   .         Stasis   .     (no boots)
MR     .....                    (no amulet)
Stlth  ..........               (no ring)
                                (no ring)

@: non-regenerating, not resistant to hostile enchantments, extremely unstealthy
A: damage resistance, recharge devices, sense surroundings 1, slow regeneration
3
a: Device Recharging


You were on level 3 of the Dungeon.
You were not hungry.

You visited 1 branch of the dungeon, and saw 3 of its levels.

You collected 99 gold pieces.

Inventory:

Hand Weapons
 a - a +0 war axe (weapon)
Armour
 c - a +0 shield (worn)
 j - a +1 helmet (worn)
 n - a +0 chain mail (worn)
Wands
 e - a wand of heal wounds (4)
Scrolls
 b - 2 scrolls of identify {unknown}
 i - 2 scrolls of teleportation
 k - a scroll of random uselessness {unknown}
 l - a scroll of amnesia {unknown}
Potions
 d - 2 potions of might
 g - 2 potions of magic {unknown}
 h - a potion of lignification {unknown}
 m - a potion of ambrosia {unknown}
Comestibles
 f - 2 bread rations


   Skills:
 + Level 3.5 Fighting
 + Level 3.2 Axes
 + Level 4.0 Armour
 + Level 1.5 Dodging
 + Level 4.1 Shields


You had 4 spell levels left.
You didn't know any spells.

Dungeon Overview and Level Annotations

Branches:
Dungeon (3/15)

Altars:
Cheibriados


Innate Abilities, Weirdness & Mutations

You are resistant to damage.
You can recharge devices by infusing magical energy.
You passively map a small area around you.
You do not regenerate naturally.


Message History

You hit the orc.
The orc is moderately wounded.
The orc wizard hits you but does no damage.
The orc hits you with a dagger.
The orc wizard points at you and mumbles some strange words.
The magic dart hits you!
* * * LOW HITPOINT WARNING * * *
You closely miss the orc wizard.
The orc wizard is heavily wounded.
You hit the orc.
The orc is heavily wounded.
The orc wizard hits you but does no damage.
The orc hits you but does no damage.
You barely miss the orc.
The orc is heavily wounded.
You closely miss the orc wizard.
The orc wizard is heavily wounded.
The orc wizard points at you and mumbles some strange words.
The magic dart hits you!
You die...

#..............
*
######.#.##.###
#......# *
###.#### ,,
##.## * #...# *
#...#, ,* ,
#...# ,, , * * *
#..@# ,
#.....o)o......
**
...............
, ,
*#..............
#####...#...###
#...#..... ,
........### * ,
* .#...#.### , ,


You could see an orc wizard and an orc.

Vanquished Creatures
  Terence (D:2)
  5 adders (D:2)
  2 worms (D:2)
  2 giant geckos (D:2)
  3 orcs (D:3)
  5 bats
  A giant cockroach (D:1)
  10 goblins
  7 hobgoblins
  2 ball pythons
  A giant newt (D:2)
  6 jackals
  7 kobolds
  A quokka (D:2)
  9 rats
62 creatures vanquished.

Notes
Turn   | Place    | Note
--------------------------------------------------------------
     0 | D:1      | Proton the Deep Dwarf Fighter began the quest for the Orb.
     0 | D:1      | Reached XP level 1. HP: 20/20 MP: 1/1
    46 | D:1      | Found a snail-covered altar of Cheibriados.
   103 | D:1      | Reached XP level 2. HP: 22/27 MP: 2/2
   741 | D:2      | Reached XP level 3. HP: 25/34 MP: 3/3
   985 | D:2      | Reached skill level 1 in Dodging
   985 | D:2      | Reached XP level 4. HP: 11/42 MP: 4/4
  1110 | D:2      | Noticed Terence
  1119 | D:2      | Killed Terence
  1163 | D:2      | Reached skill level 4 in Armour
  1714 | D:3      | Reached XP level 5. HP: 25/49 MP: 5/5
  1725 | D:3      | Killed from afar by an orc wizard

Vault maps used:
D:1:      dpeg_arrival_fog, cheibriados_altar_1
D:2:      first_bread, uniq_terence
D:3:      uniq_grinder

Action                   |  1- 3 |  4- 6 || total
-------------------------+-------+-------++-------
Melee: War axe           |   118 |    71 ||   189
Evoke: Wand              |       |     1 ||     1
  Use: Scroll            |       |     1 ||     1
  Eat: Bread ration      |       |     1 ||     1
